 Dungeon Crawl Stone Soup version 0.30.1-4-g462c640d31 (webtiles) character file.

Game seed: 188730138495336862

138 Babbit the Grave Robber (level 5, 0/38 HPs)
             Began as a Ghoul Necromancer on Sept 19, 2023.
             Slain by a gnoll
             ... wielding a +0 club
              (2 damage)
             ... on level 3 of the Dungeon.
             The game lasted 00:14:16 (2304 turns).

Babbit the Grave Robber (Ghoul Necromancer)         Turns: 2304, Time: 00:14:17

Health: 0/38       AC:  3    Str: 12    XL:     5   Next: 21%
Magic:  4/8        EV: 12    Int: 12    God:
Gold:   83         SH:  0    Dex:  9    Spells: 5/9 levels left

rFire   . .          .
                       - Unarmed
rCold   + . .        (no shield)
rNeg    + + +        a - +0 robe
rPois   ∞            (no helmet)
rElec   .            (no cloak)
rCorr   .            (no gloves)
SInv    .            e - +0 pair of boots
Will    .....        (no amulet)
Stlth   ++           d - ring of wizardry
HPRegen 0.00/turn    (no ring)
MPRegen 0.11/turn

%: wizardry (x1)
@: inhibited regen
A: claws 1, cold resistance 1, negative energy resistance 3, inhibited
regeneration, torment resistance 2, devour on kill
a: no special abilities


You were on level 3 of the Dungeon.
You visited 1 branch of the dungeon, and saw 3 of its levels.

You collected 83 gold pieces.

Inventory:

Armour
 a - a +0 robe (worn)
 e - a +0 pair of boots (worn)
Jewellery
 d - a ring of wizardry (left claw)
Scrolls
 c - 2 scrolls of identify
 f - 2 scrolls of magic mapping
 j - a scroll of fear
 k - a scroll of poison
 l - a scroll of immolation
 m - a scroll of teleportation
Potions
 b - 2 potions of magic
 g - a potion of might
 h - a potion of degeneration
 i - a potion of invisibility


   Skills:
 + Level 2.5 Dodging
 + Level 2.3 Stealth
 + Level 1.8 Unarmed Combat
 + Level 2.8 Spellcasting
 + Level 4.8 Necromancy


You had 5 spell levels left.
You knew the following spells:

 Your Spells              Type           Power      Damage    Failure   Level
a - Necrotise             Necr           52%        1d6       1%          1
b - Vampiric Draining     Necr           13%        2d6       4%          3

Your spell library contained the following spells:

 Spells                   Type           Power      Damage    Failure   Level
 Summon Small Mammal      Summ           4%         N/A       11%         1
 Animate Dead             Necr           13%        N/A       14%         4
 Call Canine Familiar     Summ           1%         N/A       28%         3
 Inner Flame              Hex/Fire       1%         N/A       28%         3
 Summon Guardian Golem    Hex/Summ       1%         N/A       28%         3
 Agony                    Necr           13%        N/A       34%         5
 Leda's Liquefaction      Hex/Erth       0%         N/A       65%         4
 Lee's Rapid Deconstruct  Erth           0%         3d4*      93%         5
 Yara's Violent Unravell  Hex/Tmut       0%         3d3       93%         5
 Enfeeble                 Hex            0%         N/A       100%        7
 Statue Form              Tmut/Erth      Unusable   N/A       N/A         6

Dungeon Overview and Level Annotations

Branches:
Dungeon (3/15)

Altars:


Innate Abilities, Weirdness & Mutations

You are immune to poison.
You have sharp fingernails.
Your flesh is cold resistant. (rC+)
You are immune to negative energy. (rN+++)
You do not regenerate when monsters are visible.
You are immune to unholy pain and torment.
You thrive by killing the living.


Message History

The gnoll is lightly wounded.
Your gnoll skeleton barely misses the gnoll.
The gnoll hits you from afar with a +0 spear.
The gnoll hits you with a +0 club.
You scratch the gnoll.
The gnoll is heavily wounded.
Your gnoll skeleton misses the gnoll.
The gnoll hits you but does no damage. The gnoll closely misses you.
You barely miss the gnoll.
The gnoll is heavily wounded.
You scratch the gnoll but do no damage.
The gnoll is heavily wounded.
The gnoll hits you from afar with a +0 spear.
The gnoll closely misses you.
Your gnoll skeleton barely misses the gnoll.
You scratch the gnoll.
The gnoll is heavily wounded.
The gnoll barely misses you. The gnoll hits you with a +0 club.
Your gnoll skeleton hits the gnoll but does no damage.
You scratch the gnoll but do no damage.
The gnoll is heavily wounded.
The gnoll completely misses you. The gnoll hits you with a +0 club.
Your gnoll skeleton hits the gnoll but does no damage.
You closely miss the gnoll.
The gnoll is heavily wounded.
The gnoll hits you from afar with a +0 spear!
* * * LOW HITPOINT WARNING * * *
The gnoll hits you with a +0 club.
* * * LOW HITPOINT WARNING * * *
You closely miss the gnoll.
The gnoll is heavily wounded.
Your gnoll skeleton closely misses the gnoll.
The gnoll misses you. The gnoll hits you with a +0 club.
* * * LOW HITPOINT WARNING * * *
Aiming: Necrotise (safe; 1% risk of failure)
Press: ? - help, Q - select action, (/) - cycle Shift-Dir - straight line, f - gnoll
Aim: a gnoll, wielding a +0 club (heavily wounded, ally target, chance to affect: 76%)
The gnoll writhes in agony.
The gnoll barely misses you. The gnoll hits you with a +0 club.
You die...

. ##.## .... .. ##...##
... #.#.....# $.#
#....... ..# #...... #.#
##).Z#. ##g## #.>.#.
#gZ.# #...#. #@..# #...##
#...# #...# #...# #...##
######...###### #....#
.##.............####....#
.........................
###.............######.##
######...###### #.# #...#
#.##


You could see 2 gnolls and a friendly gnoll skeleton.

Vanquished Creatures
  Jessica (D:2)
  An orc wizard (D:2)
  A gnoll (D:3)
  2 adders
  A worm (D:2)
  5 orcs
  2 endoplasms
  7 goblins
  10 hobgoblins
  2 quokkas
  5 ball pythons
  6 bats
  A frilled lizard (D:3)
  4 kobolds
  3 rats
51 creatures vanquished.

Notes
Turn   | Place    | Note
-------+----------+-------------------------------------------
     0 | D:1      | Babbit the Ghoul Necromancer began the quest for the Orb.
     0 | D:1      | Reached XP level 1. HP: 14/14 MP: 2/2
   289 | D:1      | Reached XP level 2. HP: 20/20 MP: 0/3
   575 | D:2      | Reached skill level 1 in Unarmed Combat
   685 | D:2      | Noticed Jessica
   687 | D:2      | Killed Jessica
   688 | D:2      | Reached XP level 3. HP: 26/26 MP: 1/5
   782 | D:2      | Reached XP level 4. HP: 33/33 MP: 1/6
  1207 | D:2      | Learned a level 3 spell: Vampiric Draining
  1991 | D:3      | Reached XP level 5. HP: 38/38 MP: 2/7
  2304 | D:3      | Slain by a gnoll

Illustrated notes

Levels and vault maps discovered:
D:1:      lemuel_arrival_rhombus, layout_basic
D:2:      cheibrodos_greedy_goblins, layout_basic, minmay_split_cup_large,
          uniq_jessica
D:3:      layout_loops_cross, feat_on_display

Skill      XL: |  1  2 |
---------------+-------+-----
Unarmed Combat | 1 |  1.8
Dodging        | 2 |  2.5
Spellcasting   | 2 |  2.8
Stealth        | |  2.3
Necromancy     | |  4.8

Action                     |  1- 3 |  4- 6 || total
---------------------------+-------+-------++-------
  Melee: Unarmed           |    38 |    32 ||    70
         Punch             |       |     4 ||     4
   Cast: Necrotise         |    24 |    62 ||    86
    Use: Scroll            |       |     8 ||     8
 Armour: Robe              |     4 |    15 ||    19
  Dodge: Dodged            |    26 |    36 ||    62
